Map: Abiogenesis LE

Players

Nash - Winner!

  • Race: Protoss Protoss
  • Spawn Location: 5:00

Zenthar

  • Race: Terran Terran
  • League: Diamond
  • Spawn Location: 11:00

VOD

Have the link to the VOD?

Description

Time

  • Played on: Feb. 9, 2018, 5:37 p.m.
  • Length: 10:50
Show
View Real Time Build Order
Export as new Build Order

Nash Protoss - Winner!

Build Orders: Cannon Rush 

Get SALT Encoding   

  12  0:01  Probe (Chrono Boost)  
  13  0:10  Probe (Chrono Boost)  
  14  0:18  Pylon  
  14  0:22  Probe  
  15  0:36  Probe  
  15  0:38  Forge  
  16  0:48  Probe  
  17  0:52  Pylon  
  17  1:00  Probe (Chrono Boost)  
  18  1:10  Probe (Chrono Boost)  
  19  1:13  Photon Cannon  
  19  1:24  Pylon  
  19  1:29  Pylon  
  19  1:49  Photon Cannon  
  19  1:51  Photon Cannon  
  19  1:58  Probe (Chrono Boost)  
  20  2:03  Photon Cannon  
  21  2:10  Probe (Chrono Boost)  
  21  2:12  Pylon  
  21  2:25  Probe  
  22  2:33  Photon Cannon  
  21  2:47  Probe  
  22  2:59  Probe  
  22  3:05  Nexus  
  23  3:10  Pylon  
  23  3:12  Photon Cannon  
  23  3:31  Gateway  
  23  3:35  Assimilator  
  23  3:39  Assimilator  
  23  4:28  Probe (Chrono Boost)  
  23  4:30  Probe (Chrono Boost)  
  26  4:39  Probe (Chrono Boost)  
  26  4:44  Probe (Chrono Boost)  
  26  4:47  Cybernetics Core  
  28  4:53  Probe (Chrono Boost)  
  28  4:56  Probe (Chrono Boost)  
  29  5:07  Probe (Chrono Boost)  
  29  5:09  Probe (Chrono Boost)  
  31  5:17  Probe  
  32  5:21  Probe  
  32  5:25  Gateway  
  33  5:42  Probe  
  32  5:54  Probe  
  33  6:00  Warp Gate (Chrono Boost)  
  33  6:02  Stalker (Chrono Boost)  
  33  6:04  Stargate  
  33  6:06  Gateway  
  33  6:07  Gateway x2  
  36  6:13  Probe  
  36  6:24  Adept x2  
  39  6:57  Pylon  
  39  6:58  Pylon  
  39  7:00  Pylon x2  
  39  7:03  Pylon  
  39  7:15  Oracle, Adept (Chrono Boost)  
  46  7:18  Sentry (Chrono Boost)  
  46  7:22  Stalker x2 (Chrono Boost)  
  50  7:42  Adept (Chrono Boost)  
  52  7:46  Sentry (Chrono Boost), Adept (Chrono Boost)  
  52  7:49  Adept x2 (Chrono Boost)  
  56  8:28  Adept x5  
  64  9:02  Pylon  
  64  9:03  Pylon  
  64  9:04  Pylon  
  64  9:06  Pylon  
  64  9:08  Pylon  
  60  9:18  Adept  
  60  9:20  Adept x4  
  70  9:42  Adept x5  
  80  10:02  Adept x2  
  80  10:03  Adept x3  
Show
View Real Time Build Order
Export as new Build Order

Zenthar Terran 

Build Orders:  

Get SALT Encoding   

  12  0:00  SCV  
  13  0:13  SCV  
  14  0:19  Supply Depot  
  14  0:29  SCV  
  15  0:42  Barracks  
  15  0:43  SCV  
  16  0:56  Barracks  
  16  1:08  Barracks  
  16  1:13  SCV  
  17  1:28  SCV  
  17  1:29  Marine  
  19  1:44  Marine  
  20  2:01  Marine  
  20  2:16  Marine  
  20  2:19  Marine  
  22  2:33  Marine  
  19  4:16  Supply Depot  
  19  4:19  Supply Depot  
  19  4:37  Marine x2  
  21  4:55  Marine x2  
  23  5:09  Marine  
  23  5:13  Marine x2  
  26  5:19  Refinery, SCV  
  27  5:27  Marine  
  28  5:31  Marine x2  
  28  5:45  Marine  
  28  5:49  Marine x2  
  31  5:50  Supply Depot  
  31  6:03  Marine  
  29  6:06  Marine x2  
  31  6:17  SCV  
  32  6:19  Supply Depot  
  32  6:21  Marine  
  32  6:24  Marine x2  
  35  6:38  Refinery, SCV, Marine  
  37  6:42  Supply Depot, Marine x2  
  39  6:54  SCV  
  39  6:56  Marine  
  39  7:00  Marine x2  
  43  7:02  Factory  
  43  7:14  Supply Depot, Marine  
  44  7:18  Marine x2  
  46  7:23  Orbital Command  
  42  7:32  Marine  
  42  7:36  Marine x2  
  43  7:50  Marine  
  44  7:53  Marine x2  
  44  7:56  Factory Tech Lab  
  46  8:08  Marine  
  46  8:11  Marine x2  
  49  8:15  Starport  
  49  8:25  Marine  
  50  8:29  Marine x2  
  44  8:43  Marine  
  44  8:47  Marine  
  44  8:52  Engineering Bay  
  44  8:55  Marine  
  44  8:58  SCV  
  44  9:01  Marine  
  47  9:05  Marine  
  47  9:09  Starport Reactor  
  47  9:10  SCV  
  47  9:13  Marine  
  40  9:22  SCV  
  40  9:23  Missile Turret  
  41  9:34  SCV  
  41  9:37  Barracks Tech Lab  
  42  9:41  Siege Tank  
  42  9:45  Barracks Reactor  
  45  10:05  Barracks Reactor  
  45  10:10  SCV  
  46  10:23  SCV  
Tags
 
League
Diamond
Matchup
PvT
Spawn Locations
Cross Positions
Add a new tag
Caveats
  • Supply blocks, unpowered buildings, or Contaminate may cause inaccurate times.
  • Supply counts are checked every 10 seconds.